 Dungeon Crawl Stone Soup version 0.29.1-1-gd02db69 (webtiles) character file.

Game seed: 5311494642389468238

25 Timinator the Insei (level 2, 0/23 HPs)
             Began as a Demigod Transmuter on Dec 22, 2022.
             Slain by Natasha (4 damage)
             ... on level 2 of the Dungeon.
             The game lasted 00:04:21 (1263 turns).

Timinator the Insei (Demigod Transmuter)            Turns: 1263, Time: 00:04:21

Health: 0/23       AC:  3    Str: 11    XL:     2   Next: 66%
Magic:  6/7        EV: 12    Int: 15    God:
Gold:   61         SH:  0    Dex: 14    Spells: 1/4 levels left

rFire   . . .      SeeInvis .     - Unarmed
rCold   . . .      Faith    .   (no shield)
rNeg    . . .      Spirit   .   a - +0 leather armour
rPois   .          Reflect  .   (helmet currently unavailable)
rElec   .          Harm     .   (no cloak)
rCorr   .          Rampage  .   (no gloves)
Will    .....                   (boots currently unavailable)
Stlth   +.........              (no amulet)
HPRegen 0.07/turn               (no ring)
MPRegen 0.10/turn               (no ring)

@: appendages
A: horns 2, talons 2, high MP 1, forlorn, divine attributes
a: End Transformation


You were on level 2 of the Dungeon.
You had temporarily grown beastly horns and talons.
You visited 1 branch of the dungeon, and saw 2 of its levels.

You collected 61 gold pieces.

Inventory:

Armour
 a - a +0 leather armour (worn)
 d - a +0 robe
Scrolls
 f - a scroll of poison {unknown}
Potions
 b - a potion of lignification
 c - a potion of heal wounds {unknown}
 e - a potion of mutation {unknown}


   Skills:
 * Level 1.1 Fighting
 * Level 0.6 Armour
 * Level 2.0 Dodging
 + Level 3.0 Unarmed Combat
 + Level 1.9 Spellcasting
 * Level 2.0 Transmutations


You had one spell level left.
You knew the following spells:

 Your Spells              Type           Power      Damage    Failure   Level
a - Beastly Appendage     Tmut           14%        N/A       13%         1
b - Wereblood             Tmut           7%         N/A       19%         2

Your spell library contained the following spells:

 Spells                   Type           Power      Damage    Failure   Level
 Freeze                   Ice            4%         1d3       30%         1
 Spider Form              Tmut/Pois      4%         N/A       50%         3
 Frozen Ramparts          Ice            2%         1d1       65%         3
 Ice Form                 Ice/Tmut       4%         N/A       88%         4
 Hailstorm                Conj/Ice       1%         3d3       96%         4


Dungeon Overview and Level Annotations

Branches:
Dungeon (2/15)

Shops:
D:1 *   D:2 (

Annotations:
D:2 Natasha


Innate Abilities, Weirdness & Mutations

You have temporarily grown beastly horns and talons.
You have an increased reservoir of magic. (+10% MP)
You shall have no god before yourself.
Your divine heritage dramatically boosts your attributes as you level up.


Message History

You barely miss the kobold. You claw the kobold.
You kill the kobold!
Things that are here:
a +0 dagger; a stone Your transformation is almost over.
Magic restored.
Found a dagger.
Found a human corpse.
Found Iryog's Weapon Shoppe.
Your horns disappear.
Your talons disappear.
There is an entrance to Iryog's Weapon Shoppe here.
You grow a pair of large bovine horns.
Your feet morph into talons.
Your transformation is almost over.
Your horns disappear.
Your talons disappear.
You open the door.
Natasha, Servant of Life and Death comes into view.
Natasha hisses angrily.
There is an open door here.
You close the door.
Casting: Beastly Appendage (safe; 13% risk of failure)
Confirm with . or Enter, or press ? or * to list all spells.
You grow a pair of large bovine horns.
Your feet morph into talons.
Natasha opens the door.
Natasha claws you!
There is an open door here.
You hit Natasha. Your headbutt misses Natasha.
Natasha is moderately wounded.
Natasha claws you.
You barely miss Natasha. Your kick misses Natasha.
You headbutt Natasha, but do no damage.
Natasha is moderately wounded.
Natasha casts a spell.
You hit Natasha.
Natasha is heavily wounded.
Natasha mewls in sadness.
Natasha claws you.
* * * LOW HITPOINT WARNING * * *
You hit Natasha.
Natasha is severely wounded.
Natasha claws you.
You die...

... #.. #..# ####...
....5.. .......
..........h############
...........@..........#
#..........##########.#
#.......... #.#
#.......... #.#
#.......... #.#
##.......... #.#
#####........... #.####
.....<#'###.#### #....#
......#.# #.# ###.##


You could see an iron imp (summoned) and Natasha.

Vanquished Creatures
  A dart slug (D:1)
  3 bats (D:1)
  2 endoplasms (D:1)
  A giant cockroach (D:1)
  3 jackals (D:1)
  A quokka (D:1)
  3 ball pythons (D:1)
  3 frilled lizards (D:1)
  2 goblins (D:1)
  3 kobolds
  2 rats (D:1)
24 creatures vanquished.

Notes
Turn   | Place    | Note
-------+----------+-------------------------------------------
     0 | D:1      | Timinator the Demigod Transmuter began the quest for the
                  | Orb.
     0 | D:1      | Reached XP level 1. HP: 15/15 MP: 5/5
    34 | D:1      | Reached skill level 1 in Fighting
   340 | D:1      | Reached XP level 2. HP: 23/23 MP: 7/7
   766 | D:1      | Found Izaleab's Assorted Antiques.
  1005 | D:1      | Reached skill level 3 in Unarmed Combat
  1018 | D:1      | Learned a level 2 spell: Wereblood
  1195 | D:2      | Found Iryog's Weapon Shoppe.
  1253 | D:2      | Noticed Natasha
  1263 | D:2      | Slain by Natasha

Illustrated notes

Levels and vault maps discovered:
D:1:      dpeg_arrival_rooms_a, layout_basic, ebering_ecumenical_altar_rust,
          serial_shops, shop, minmay_misc_feat_cross, nrook_mini_backslash
D:2:      layout_basic, serial_shops, nicolae_shop_bloodbath_and_beyond,
          uniq_terence, uniq_natasha, uniq_jessica

Skill      XL: |  1  2 |
---------------+-------+-----
Fighting       | 1 |  1.1
Dodging        | 2 |  2.0
Transmutations | 2 |  2.0
Unarmed Combat | 3 |  3.0
Armour         | |  0.6
Spellcasting   | |  1.9

Action                   || total
-------------------------++-------
Melee: Unarmed           ||    61
       Kick              ||     5
       Punch             ||     1
       Headbutt          ||     5
 Cast: Beastly Appendage ||    11
 Stab: Sleeping          ||     1
Armor: Robe              ||     4
       Leather armour    ||     4
Dodge: Dodged            ||    44
